Map: 2000 Atmospheres LE

Players

Lambo

  • Race: Zerg Zerg

milkicow - Winner!

  • Race: Terran Terran

Event: DreamHack SC2 Masters 2021 Fall

VOD

Have the link to the VOD?

Description

Time

  • Played on: Aug. 6, 2021, 10:07 a.m.
  • Length: 4:00

All games in this series

Show
View Real Time Build Order
Export as new Build Order

Lambo Zerg 

Build Orders: Pool First 

Get SALT Encoding   

  12  0:00  Drone  
  13  0:13  Overlord  
  13  0:18  Drone  
  14  0:31  Drone x2  
  14  0:34  Drone  
  17  0:44  Spawning Pool  
  17  0:48  Drone  
  17  1:07  Hatchery  
  17  1:10  Drone  
  17  1:13  Extractor  
  17  1:17  Drone  
  17  1:30  Zergling x4  
  17  1:31  Queen  
  21  1:41  Zergling x2  
  21  1:42  Spine Crawler  
  21  1:50  Zergling x2  
  22  2:09  Extractor  
  22  2:10  Zergling x2  
  23  2:18  Queen  
  25  2:24  Queen  
  25  2:25  Drone  
  28  2:36  Overlord  
  28  2:51  Overlord  
  28  2:55  Drone x4  
  32  3:03  Drone x2  
  30  3:13  Zergling x2  
  30  3:14  Zergling x2  
  27  3:20  Zergling x4  
  27  3:23  Zergling x2  
  25  3:29  Zergling x2  
Show
View Real Time Build Order
Export as new Build Order

milkicow Terran - Winner!

Build Orders:  

Get SALT Encoding   

  12  0:00  SCV  
  13  0:12  SCV  
  14  0:17  Supply Depot  
  14  0:26  SCV  
  15  0:39  Barracks  
  15  0:50  Barracks  
  15  1:02  Barracks  
  15  1:08  SCV  
  16  1:26  Marine, Orbital Command  
  17  1:39  Marine  
  18  1:43  Marine  
  18  1:46  Supply Depot  
  19  1:49  Marine  
  19  1:53  Bunker  
  20  1:54  SCV  
  20  2:00  Marine  
  22  2:02  Marine  
  22  2:07  Marine  
  25  2:09  Bunker  
  25  2:10  SCV  
  25  2:18  Marine  
  25  2:22  Marine, SCV  
  28  2:25  Marine  
  29  2:35  Marine  
  30  2:39  Marine  
  31  2:58  Marine x3, SCV  
  33  3:16  Marine x2  
  27  3:39  SCV  

Tags
 
Add a new tag
Caveats
  • Supply blocks, unpowered buildings, or Contaminate may cause inaccurate times.
  • Supply counts are checked every 10 seconds.